 Dungeon Crawl Stone Soup version 0.28-a0-722-gc0678643b6 (webtiles) character file.

Game seed: 13434529612668097482

32 Ijustatesigmund the Charlatan (level 3, -1/28 HPs)
             Began as a Gnoll Artificer on Oct 25, 2021.
             Killed by divine providence
             ... invoked by an orc priest
              (13 damage)
             ... on level 2 of the Dungeon.
             The game lasted 00:03:27 (1671 turns).

Ijustatesigmund the Charlatan (Gnoll Artificer)     Turns: 1671, Time: 00:03:27

Health: -1/28      AC:  3    Str: 11    XL:     3   Next: 27%
Magic:  4/4        EV: 12    Int: 11    God:
Gold:   41         SH:  0    Dex: 12    Spells: 3/3 levels left

rFire   . . .      SeeInvis .   l - +0 glaive
rCold   . . .      Faith    .   (shield currently unavailable)
rNeg    . . .      Spirit   .   b - +0 leather armour
rPois   .          Reflect  .   (no helmet)
rElec   .          Harm     .   (no cloak)
rCorr   .          Rampage  .   (no gloves)
Will    .....                   (no boots)
Stlth   ++........              (no amulet)
HPRegen 0.09/turn               (no ring)
MPRegen 0.09/turn               (no ring)

@: no status effects
A: fangs 1, strong nose, distributed training
a: no special abilities


You were on level 2 of the Dungeon.
You visited 1 branch of the dungeon, and saw 2 of its levels.

You collected 41 gold pieces.

Inventory:

Hand Weapons
 a - a +0 mace
 l - a +0 glaive (weapon)
Missiles
 g - 3 atropa-tipped darts
Armour
 b - a +0 leather armour (worn)
Wands
 c - a wand of flame (7) (quivered)
 d - a wand of charming (14)
 k - a wand of digging (6)
Scrolls
 n - a scroll of magic mapping {unknown}
 p - a scroll of enchant weapon {unknown}
Potions
 f - a potion of might {unknown}
 h - a potion of ambrosia {unknown}
 i - a potion of curing {unknown}
 j - a potion of resistance {unknown}
 m - a potion of brilliance {unknown}
 o - a potion of attraction {unknown}
Miscellaneous
 e - a piece from Xom's chessboard (15/15)


   Skills:
 + Level 2.6 Fighting
 + Level 0.7 Short Blades
 + Level 0.7 Long Blades
 + Level 0.7 Axes
 + Level 0.7 Maces & Flails
 + Level 0.7 Polearms
 + Level 0.7 Staves
 + Level 0.7 Slings
 + Level 0.7 Bows
 + Level 0.7 Crossbows
 + Level 0.7 Throwing
 + Level 4.5 Armour
 + Level 2.6 Dodging
 + Level 2.3 Stealth
 + Level 0.7 Shields
 + Level 0.7 Unarmed Combat
 + Level 0.7 Spellcasting
 + Level 0.5 Conjurations
 + Level 0.5 Hexes
 + Level 0.5 Summonings
 + Level 0.5 Necromancy
 + Level 0.5 Translocations
 + Level 0.5 Transmutations
 + Level 0.5 Fire Magic
 + Level 0.5 Ice Magic
 + Level 0.5 Air Magic
 + Level 0.5 Earth Magic
 + Level 0.5 Poison Magic
 + Level 0.9 Invocations
 + Level 6.5 Evocations


You had 3 spell levels left.
You didn't know any spells.
Your spell library contained the following spells:

 Spells                   Type           Power      Damage    Failure   Level
 Blink                    Tloc           2%         N/A       45%         2
 Lesser Beckoning         Tloc           1%         N/A       71%         3
 Manifold Assault         Tloc           1%         N/A       100%        5


Dungeon Overview and Level Annotations

Branches:
Dungeon (2/15)

Altars:

Shops:
D:1 *


Innate Abilities, Weirdness & Mutations

You have very sharp teeth.
Your uncanny sense of smell can sniff out nearby items.
Your experience applies equally to all skills.


Message History

You see here a scroll labelled FOADIG DUOXT.
p - a scroll labelled FOADIG DUOXT
Found a stone staircase leading down.
No target in view!
No target in view!
No target in view!
No target in view!
No target in view!
No target in view!
Found 5 javelins.
You now have 41 gold pieces (gained 14).
Found a dagger. 2 orcs, an orc priest and an orc wizard come into view.
The orc shouts!
The orc wizard shouts!
You hear an angry hiss.
The orc shouts!
You hear a shout!
An adder comes into view.
The orc wizard moves out of view.
The orc priest shouts!
An orc comes into view. It is wielding a +0 club.
You hit the worm. You bite the worm, but do no damage.
The worm is moderately wounded.
The worm closely misses you. The orc hits you with a +0 dagger.
You hit the worm.
The worm is heavily wounded.
The orc hits you with a +0 dagger. The worm closely misses you.
The orc priest mumbles some strange prayers to Beogh against you.
Beogh smites you! The orc hits you with a +0 flail.
You are too injured to fight recklessly!
You are too injured to fight recklessly!
You are too injured to fight recklessly!
You are too injured to fight recklessly!
You are too injured to fight recklessly!
You are too injured to fight recklessly!
You are too injured to fight recklessly!
You are too injured to fight recklessly!
You are too injured to fight recklessly!
Unknown command.
The orc priest invokes the aid of Beogh against you.
Beogh smites you!
You die...

∆ #.......# #. #.......#
##. #.......#
#...######.......######
#.##...................
#...............#......
####.............###...
##......#########..##...
.....>.@o.o....###.##...
#.(....ow#..o#.. .##...
#.......oS......∆ ...[..
#............... ..####
#...............∆ .# #.
.....)...#...#.. #.
...............# #.
..#####.####### #. ##


You could see a worm, an orc priest, an orc wizard, an adder and 3 orcs.

Vanquished Creatures
  A worm (D:2)
  A dart slug (D:2)
  5 bats
  2 endoplasms (D:1)
  A giant cockroach (D:2)
  3 goblins (D:1)
  2 hobgoblins (D:1)
  3 kobolds (D:1)
  A quokka (D:1)
  5 ball pythons
  A frilled lizard (D:1)
  A rat (D:1)
26 creatures vanquished.

Notes
Turn   | Place    | Note
-------+----------+-------------------------------------------
     0 | D:1      | Ijustatesigmund the Gnoll Artificer began the quest for the
                  | Orb.
     0 | D:1      | Reached XP level 1. HP: 17/17 MP: 1/1
    74 | D:1      | Reached XP level 2. HP: 10/23 MP: 2/2
   627 | D:1      | Found Yschuryabi's General Store.
  1182 | D:1      | Reached XP level 3. HP: 26/28 MP: 3/3
  1671 | D:2      | Killed from afar by an orc priest

Illustrated notes

Levels and vault maps discovered:
D:1:      dpeg_arrival_line_fractal, layout_rooms, serial_shops, shop
D:2:      cheibrodos_pilgrimage, layout_basic, item_on_display_a

Action                   || total
-------------------------++-------
Melee: Club              ||    27
       Mace              ||    50
       Bite              ||    14
       Glaive            ||    14
Evoke: Wand              ||     9
  Use: Scroll            ||     2
 Stab: Sleeping          ||     2
Armor: Leather armour    ||    31
Dodge: Dodged            ||    81

Table legend: (Time is in decaauts)
 A = Elapsed time spent in this place.
 B = Non-inter-level travel time spent in this place.
 C = Inter-level travel time spent in this place.
 D = Time resting spent in this place.
 E = Time spent auto-exploring this place.
 F = Levels seen in this place.
 G = Mean time per level.
                   A        B        C        D        E       F      G
               +--------+--------+--------+--------+--------+-----+--------+
         Total |   1705 |   1705 |      0 |    883 |    513 |   2 |  852.5 |
       Dungeon |   1705 |   1705 |      0 |    883 |    513 |   2 |  852.5 |
               +--------+--------+--------+--------+--------+-----+--------+

Top non-repeatable levels by time:
     D:1: 1255 daAuts
     D:2: 450 daAuts
